Map: Mécanisation EC

Players

Sorandom

  • Race: Zerg Zerg
  • League: Diamond
  • Spawn Location: 3:00

DrónTájmingü - Winner!

  • Race: Protoss Protoss
  • League: Diamond
  • Spawn Location: 9:00

VOD

Have the link to the VOD?

Description

Time

  • Played on: April 12, 2019, 9:04 p.m.
  • Length: 9:46
Show
View Real Time Build Order
Export as new Build Order

Sorandom Zerg 

Build Orders: Pool First 

Get SALT Encoding   

  12  0:02  Drone  
  13  0:12  Overlord  
  13  0:26  Drone  
  14  0:35  Drone x2  
  16  0:37  Drone  
  17  0:48  Spawning Pool  
  16  0:51  Extractor  
  16  0:54  Drone  
  16  1:04  Drone  
  17  1:20  Drone  
  18  1:28  Drone  
  18  1:32  Hatchery  
  18  1:35  Drone  
  19  1:50  Zergling x2  
  20  1:59  Roach Warren  
  20  2:01  Queen  
  21  2:23  Overlord  
  21  2:24  Overlord  
  21  2:42  Roach  
  21  2:43  Roach  
  25  2:45  Roach  
  27  2:56  Roach x2  
  27  2:58  Roach  
  33  3:06  Ravager x2  
  33  3:12  Extractor  
  34  3:15  Roach  
  34  3:16  Zergling x4  
  34  3:17  Zergling x4  
  40  3:22  Zergling x2  
  41  3:27  Roach  
  41  3:33  Drone  
  44  3:39  Overlord  
  44  3:52  Overlord  
  42  4:17  Zergling x2  
  42  4:18  Roach  
  42  4:19  Roach x4  
  49  4:32  Roach  
  49  4:33  Roach  
  53  4:39  Roach  
  53  4:40  Roach  
  53  4:49  Roach  
  53  4:51  Drone  
  56  4:59  Ravager  
  57  5:04  Overlord  
  57  5:07  Drone  
  57  5:08  Drone  
  58  5:24  Roach x3  
  56  5:34  Roach  
  56  5:35  Roach  
  54  5:40  Roach  
  53  5:51  Roach  
  53  5:53  Roach  
  55  6:00  Roach  
  43  6:13  Roach x2  
  43  6:14  Zergling x6  
  50  6:25  Drone x2  
  51  6:31  Roach  
  54  6:36  Roach  
  56  6:48  Roach x2  
  56  6:49  Roach  
  56  6:50  Roach  
  60  6:59  Roach  
  58  7:06  Roach x2  
  62  7:14  Roach  
  62  7:15  Zergling x8  
  68  7:19  Overlord  
  68  7:25  Overlord  
  68  7:44  Drone x6  
  73  7:52  Queen  
  73  7:57  Drone  
  73  7:58  Drone  
  77  8:02  Drone  
  78  8:07  Drone x2  
  80  8:14  Drone  
  80  8:17  Queen  
  83  8:21  Spore Crawler  
  83  8:23  Spore Crawler  
  81  8:29  Lair  
  81  8:41  Roach, Overlord x2  
  77  8:58  Drone  
  77  8:59  Drone x5  
  77  9:00  Evolution Chamber  
  82  9:03  Evolution Chamber  
  81  9:24  Extractor, Hatchery  
  81  9:26  Extractor  
  81  9:40  Hydralisk Den  
Show
View Real Time Build Order
Export as new Build Order

DrónTájmingü Protoss - Winner!

Build Orders: 1 Gate Expand 

Get SALT Encoding   

  12  0:01  Probe  
  13  0:14  Probe  
  14  0:21  Pylon  
  14  0:26  Probe  
  15  0:35  Probe  
  16  0:43  Probe  
  16  0:44  Gateway  
  17  0:50  Assimilator  
  17  0:53  Probe  
  18  1:05  Probe  
  19  1:17  Probe  
  20  1:35  Nexus  
  20  1:43  Cybernetics Core  
  20  1:45  Probe  
  21  1:57  Probe  
  22  2:04  Assimilator  
  22  2:06  Pylon  
  22  2:09  Probe  
  22  2:21  Robotics Facility, Probe  
  23  2:23  Stalker  
  25  2:33  Probe  
  26  2:45  Probe  
  26  2:47  Shield Battery  
  26  2:49  Pylon  
  27  2:53  Probe  
  27  2:58  Probe  
  29  3:05  Probe  
  30  3:07  Pylon  
  30  3:08  Immortal  
  30  3:10  Probe  
  31  3:17  Probe  
  36  3:22  Probe  
  37  3:28  Pylon  
  37  3:31  Probe  
  38  3:39  Gateway  
  38  3:40  Probe  
  39  3:44  Immortal  
  43  3:56  Probe  
  43  3:59  Sentry  
  43  4:01  Probe  
  47  4:06  Shield Battery  
  47  4:11  Pylon  
  45  4:19  Pylon  
  45  4:23  Immortal  
  44  4:40  Pylon  
  44  4:41  Probe x2  
  46  4:50  Cybernetics Core  
  46  4:57  Probe  
  46  4:58  Assimilator  
  47  5:01  Assimilator  
  47  5:13  Gateway x2  
  47  5:14  Immortal  
  50  5:40  Probe  
  47  5:50  Gateway, Probe  
  47  5:51  Stalker  
  47  5:55  Immortal  
  47  5:57  Gateway  
  43  6:02  Probe x2  
  44  6:14  Probe x2  
  44  6:15  Pylon  
  46  6:19  Stalker  
  46  6:26  Probe x2  
  46  6:29  Pylon  
  46  6:32  Sentry  
  52  6:35  Warp Gate  
  52  6:38  Probe  
  52  6:39  Probe  
  54  6:45  Pylon  
  54  6:46  Pylon  
  54  7:06  Probe  
  55  7:11  Robotics Facility  
  55  7:15  Probe  
  55  7:17  Gateway, Stalker  
  55  7:18  Probe, Stalker x2  
  55  7:19  Stalker  
  65  7:25  Stargate  
  65  7:28  Probe  
  66  7:30  Probe  
  67  7:40  Probe, Stalker  
  67  7:42  Probe  
  71  7:52  Probe  
  71  7:54  Probe  
  71  7:56  Immortal  
  73  8:04  Probe  
  74  8:10  Void Ray  
  82  8:14  Probe  
  82  8:18  Nexus  
  83  8:24  Stalker  
  85  8:29  Pylon  
  85  8:33  Probe, Pylon  
  86  8:34  Assimilator  
  86  8:38  Pylon  
  86  8:39  Assimilator  
  86  8:40  Pylon  
  86  8:43  Pylon  
  85  8:53  Pylon  
  85  8:56  Void Ray  
  85  8:59  Immortal  
  93  9:14  Nexus, Stalker x3  
  93  9:16  Assimilator  
  99  9:21  Assimilator  
  99  9:22  Pylon  
  99  9:26  Pylon  
  99  9:30  Probe x2  
  101  9:37  Pylon  
  105  9:42  Stalker x3  
Tags
 
Add a new tag
Caveats
  • Supply blocks, unpowered buildings, or Contaminate may cause inaccurate times.
  • Supply counts are checked every 10 seconds.